 Dungeon Crawl Stone Soup version 0.27-a0-760-gc38aae387d (webtiles) character file.

Game seed: 5420755091797968979

10600 night the Thaumaturge (level 11, -2/84 HPs)
             Began as a Djinni Transmuter on Mar 24, 2021.
             Was a Believer of Makhleb.
             Splashed by an oklob plant's acid (10 damage)
             ... on level 1 of the Lair of Beasts.
             The game lasted 00:42:14 (10223 turns).

night the Thaumaturge (Djinni Transmuter)          Turns: 10223, Time: 00:42:14

Health: -2/84      AC: 11    Str: 11    XL:     11   Next: 64%
Gold:   544        EV:  7    Int: 16    God:    Makhleb [**....] SH: 13 Dex: 14

rFire    + + +     SeeInvis +     - Unarmed
rCold    x . .     Faith    .   g - +2 tower shield {reflect}
rNeg     . . .     Spirit   .   s - +3 leather armour {rF+}
rPois    ∞         Reflect  +   (no helmet)
rElec    .         Harm     .   v - +0 cloak
rCorr    .         Rampage  .   (no gloves)
Will     +....                  (boots unavailable)
Stlth    +.........             b - amulet of regeneration
HPRegen  1.24/turn              j - +4 ring of protection
MPRegen  0.00/turn              J - ring of see invisible

@: flying
A: fire resistance 2, cold vulnerability 1, float, innate caster, hp casting,
extra vitality 1
a: Renounce Religion, Minor Destruction


You were on level 1 of the Lair of Beasts.
You worshipped Makhleb.
Makhleb was pleased with you.
You visited 3 branches of the dungeon, and saw 12 of its levels.
You also visited: Sewer.

You collected 570 gold pieces.
You spent 26 gold pieces at shops.

Inventory:

Hand Weapons
 c - a +1 hunting sling
Missiles
 d - 314 stones
 e - 35 poisoned darts
 p - a throwing net
 q - 78 arrows
 w - 40 sling bullets
 y - 46 bolts
 G - 2 silver javelins
 T - 3 datura-tipped darts
 U - 8 atropa-tipped darts
Armour
 g - a +2 tower shield of reflection (worn)
 s - a +3 leather armour of fire resistance (worn)
 t - +0 steam dragon scales
 v - a +0 cloak (worn)
 I - a +0 kite shield
Jewellery
 b - an amulet of regeneration (around neck)
 j - a +4 ring of protection (right hand)
 E - an amulet of faith
 J - a ring of see invisible (left hand)
Wands
 r - a wand of flame (6)
 B - a wand of paralysis (4)
 O - a wand of iceblast (7)
 S - a wand of charming (9)
Scrolls
 a - 2 scrolls of blinking {unknown}
 f - 3 scrolls of teleportation
 i - 6 scrolls of amnesia {unknown}
 l - a scroll of brand weapon {unknown}
 o - 2 scrolls of magic mapping {unknown}
 x - a scroll of summoning
 C - 3 scrolls of torment {unknown}
 D - a scroll of immolation {unknown}
 F - 3 scrolls of identify
 K - 2 scrolls of fog {unknown}
 M - a scroll of enchant armour {unknown}
 P - a scroll of fear {unknown}
 Q - a scroll of random uselessness {unknown}
Potions
 h - a potion of degeneration {unknown}
 k - a potion of haste {unknown}
 m - 2 potions of attraction
 n - 4 potions of curing
 u - a potion of mutation {unknown}
 z - a potion of flight {unknown}
 A - 3 potions of berserk rage {unknown}
 H - a potion of magic {unknown}
 L - 3 potions of invisibility {unknown}
 N - a potion of heal wounds
 V - a potion of brilliance {unknown}
 W - a potion of lignification {unknown}
Miscellaneous
 R - a tin of tremorstones (2/2)


   Skills:
 + Level 9.1 Fighting
 - Level 2.1 Dodging
 - Level 1.3 Shields
 + Level 9.5 Unarmed Combat
 * Level 10.8 Spellcasting
 - Level 1.0 Invocations


You had 3 spell levels left.
You knew the following spells:

 Your Spells              Type           Power      Damage    Failure   Level
a - Sting                 Tmut/Pois      100%       1d8       2%          1
b - Wereblood             Tmut           43%        N/A       4%          2
c - Beastly Appendage     Tmut           86%        N/A       2%          1
d - Blade Hands           Tmut           21%        N/A       61%         5
e - Spider Form           Tmut/Pois      21%        N/A       9%          3
f - Ice Form              Ice/Tmut       43%        N/A       28%         4
g - Passwall              Tmut/Erth      35%        N/A       4%          2
h - Ensorcelled Hibernat  Hex/Ice        86%        N/A       4%          2
i - Summon Guardian Gole  Hex/Summ       43%        N/A       9%          3
j - Summon Mana Viper     Hex/Summ       43%        N/A       61%         5
Your spell library was empty.

Dungeon Overview and Level Annotations

Branches:
Dungeon (10/15)            Temple (1/1) D:6            Lair (1/6) D:10
  Sewer (visited)
    Orc: D:9-12

Altars:
Ashenzari
Cheibriados
Dithmenos
Elyvilon
Fedhas
Gozag
Hepliaklqana
Kikubaaqudgha
Makhleb
Nemelex Xobeh
Okawaru
Qazlal
Ru
Sif Muna
Trog
Uskayaw
Vehumet
Wu Jian
Xom
Yredelemnul
Zin
The Shining One

Shops:
D:1 (   D:3 ?   D:4 (   D:5 =

Annotations:
Lair:1 exclusion: oklob plant


Innate Abilities, Weirdness & Mutations

You are immune to poison.
Your flesh is very heat resistant. (rF++)
You are vulnerable to cold. (rC-)
You float through the air rather than walking.
You learn spells naturally, not from books.
Your magical power is your life essence.
You have superior vitality. (+4 HP)


Message History

The oklob plant is moderately damaged.
The helpless oklob plant fails to defend itself.
You hit the oklob plant.
The oklob plant is moderately damaged.
The helpless oklob plant fails to defend itself.
You punch the oklob plant!
The oklob plant is moderately damaged.
The helpless oklob plant fails to defend itself.
You hit the oklob plant but do no damage.
The oklob plant is moderately damaged.
The helpless oklob plant fails to defend itself.
You hit the oklob plant but do no damage.
The oklob plant is moderately damaged.
The oklob plant is no longer paralysed.
The oklob plant spits acid at you. The splash of acid hits you!
You are splashed with acid!
You hit the oklob plant but do no damage.
The oklob plant is moderately damaged.
The oklob plant spits acid at you. The splash of acid hits you!
You are splashed with acid!!
You hit the oklob plant but do no damage.
The oklob plant is moderately damaged.
You hit the oklob plant but do no damage.
The oklob plant is moderately damaged.
You hit the oklob plant but do no damage.
The oklob plant is moderately damaged.
You hit the oklob plant but do no damage.
The oklob plant is moderately damaged.
The oklob plant spits acid at you. The splash of acid hits you!
* * * LOW HITPOINT WARNING * * *
You are splashed with acid!
* * * LOW HITPOINT WARNING * * *
You hit the oklob plant but do no damage.
The oklob plant is moderately damaged.
The oklob plant spits acid at you. The splash of acid hits you.
* * * LOW HITPOINT WARNING * * *
You are splashed with acid!
You die...

............##.#....### #...†
......................## #....
..................#.[..#####.÷.
.................#.......###...
.............#############.....
.............# #..># #.....
..[..........#####...#####.....
..#..........#P≈≈.....≈≈P#....#
..#..........#@≈.......≈P#..#..
.P.......)..#.≈.......≈.###...
.............#P≈.......≈.###...
.............#P≈.......≈.##....
........#P≈≈.....≈≈P##....
#.......######'#######....
#P.......###....## #...#
###........#.....#####....
##......^#........##....


You could see an oklob plant.

Vanquished Creatures
  Fannar (D:10)
  2 hydras (Lair:1)
  Pikel (D:7)
  An oklob plant (Lair:1)
  Joseph (D:10)
  2 black mambas (Lair:1)
  2 komodo dragons
  Psyche (D:8)
  A slime creature (D:9)
  A shadow (D:9)
  5 wyverns
  5 yaks (D:10)
  A vampire (D:10)
  A steam dragon (D:6)
  An acid dragon (D:9)
  3 water moccasins
  A black bear (D:5)
  2 orc warriors
  3 ice beasts
  2 ogres
  A necrophage (D:4)
  A centaur (D:9)
  A phantom (D:4)
  A gnoll sergeant (D:8)
  7 bullfrogs
  A water moccasin zombie (D:5)
  9 killer bees (D:8)
  13 jellies
  2 bullfrog zombies (D:6)
  Crazy Yiuf (D:4)
  A centaur skeleton (D:6)
  3 gnoll shamans
  4 hounds
  2 orc priests
  3 iguanas
  Ijyb (D:3)
  3 orc wizards
  2 worker ants
  A killer bee zombie (D:6)
  A hound skeleton (D:5)
  A howler monkey zombie (D:9)
  28 gnolls
  13 adders
  A shadow imp (D:5)
  A white imp (D:5)
  3 ufetubi
  An adder zombie (D:5)
  An adder skeleton (D:4)
  6 dart slugs
  15 orcs
  26 endoplasms
  18 giant cockroaches
  7 goblins
  3 hobgoblins
  13 jackals
  8 kobolds
  11 quokkas
  20 ball pythons
  3 bats
  16 frilled lizards
  5 rats
295 creatures vanquished.

Vanquished Creatures (others)
  4 fungi (D:9)
  36 plants
40 creatures vanquished.

Grand Total: 335 creatures vanquished

Notes
Turn   | Place    | Note
-------+----------+-------------------------------------------
     0 | D:1      | night the Djinni Transmuter began the quest for the Orb.
     0 | D:1      | Reached XP level 1. HP: 17/17 MP: 0/0
    81 | D:1      | Found Tamith's Antique Weapon Emporium.
    90 | D:1      | Reached skill level 2 in Spellcasting
   216 | D:1      | Reached XP level 2. HP: 17/22 MP: 0/0
  1111 | D:2      | Reached XP level 3. HP: 26/27 MP: 0/0
  1111 | D:2      | Learned a level 1 spell: Sting
  1220 | D:2      | Reached skill level 2 in Fighting
  1220 | D:2      | Reached XP level 4. HP: 25/33 MP: 0/0
  1454 | D:2      | Reached skill level 3 in Spellcasting
  1946 | D:3      | Found Ded Hor's Magic Scroll Shop.
  1957 | D:3      | Bought a scroll of identify for 26 gold pieces
  2170 | D:3      | Found a glowing drain.
  2176 | D:3      | Noticed Ijyb
  2189 | D:3      | Killed Ijyb
  2190 | D:3      | Reached XP level 5. HP: 39/39 MP: 0/0
  2190 | D:3      | Learned a level 2 spell: Passwall
  2212 | Sewer    | Entered a sewer
  2513 | Sewer    | Reached XP level 6. HP: 40/45 MP: 0/0
  2608 | Sewer    | Reached skill level 4 in Spellcasting
  3381 | D:4      | Reached XP level 7. HP: 35/51 MP: 0/0
  3381 | D:4      | Learned a level 2 spell: Ensorcelled Hibernation
  3575 | D:4      | Found a runed translucent door.
  3576 | D:4      | Noticed Crazy Yiuf
  3593 | D:4      | Paralysed by Crazy Yiuf for 3 turns
  3598 | D:4      | Paralysed by Crazy Yiuf for 5 turns
  3622 | D:4      | Killed Crazy Yiuf
  3674 | D:4      | Found Hosugram's Weapon Boutique.
  3782 | D:4      | Reached skill level 5 in Spellcasting
  3953 | D:4      | Reached skill level 5 in Unarmed Combat
  4439 | D:5      | Entered Level 5 of the Dungeon
  4523 | D:5      | Found Miuzousu's Jewellery Shoppe.
  4535 | D:5      | Reached XP level 8. HP: 57/58 MP: 0/0
  4779 | D:5      | Found a bloodstained altar of Trog.
  4863 | D:5      | Reached skill level 6 in Spellcasting
  5004 | D:5      | Reached skill level 5 in Fighting
  5258 | D:6      | Found a staircase to the Ecumenical Temple.
  5264 | Temple   | Entered the Ecumenical Temple
  5385 | Temple   | Became a worshipper of Makhleb the Destroyer
  5535 | D:6      | Reached XP level 9. HP: 49/65 MP: 0/0
  5535 | D:6      | Learned a level 3 spell: Summon Guardian Golem
  5643 | D:6      | Reached skill level 7 in Spellcasting
  6712 | D:7      | Noticed Pikel
  6738 | D:7      | Killed Pikel
  6739 | D:7      | Reached skill level 8 in Spellcasting
  7167 | D:8      | Found a broken altar of Ashenzari.
  7247 | D:8      | Reached * piety under Makhleb
  7393 | D:8      | Noticed Psyche
  7485 | D:8      | Killed Psyche
  7486 | D:8      | Reached skill level 1 in Shields
  7486 | D:8      | Reached XP level 10. HP: 72/75 MP: 0/0
  7767 | D:8      | Reached skill level 1 in Invocations
  7771 | D:8      | Found a basalt altar of Yredelemnul.
  8077 | D:9      | Reached skill level 9 in Spellcasting
  8157 | D:9      | Reached ** piety under Makhleb
  8683 | D:10     | Entered Level 10 of the Dungeon
  8784 | D:10     | Noticed Joseph
  8795 | D:10     | Killed Joseph
  9041 | D:10     | Found a staircase to the Lair.
  9092 | D:10     | Reached XP level 11. HP: 70/81 MP: 0/0
  9092 | D:10     | Learned a level 5 spell: Summon Mana Viper
  9098 | D:10     | Reached skill level 10 in Spellcasting
  9114 | D:10     | Noticed Fannar
  9121 | D:10     | HP: 8/82 [Fannar/staff of cold (12)]
  9345 | D:10     | Killed Fannar
  9420 | Lair:1   | Entered Level 1 of the Lair of Beasts
  9451 | Lair:1   | Noticed a five-headed hydra
  9452 | Lair:1   | Noticed a six-headed hydra
  9461 | Lair:1   | Killed a five-headed hydra
  9466 | Lair:1   | Killed a six-headed hydra
  9852 | Lair:1   | Identified the +7 plate armour "Sedinoh" {rElec rC+}
  9888 | Lair:1   | Noticed an oklob plant
  9890 | Lair:1   | Noticed an oklob plant
  9994 | Lair:1   | Killed an oklob plant
 10068 | Lair:1   | HP: 10/84 [acid (12)]
 10146 | Lair:1   | HP: 11/84 [acid (11)]
 10222 | Lair:1   | HP: 8/84 [acid (15)]
 10223 | Lair:1   | Splashed by an oklob plant's acid

Illustrated notes

Levels and vault maps discovered:
D:1:      dpeg_arrival_oval, layout_loops_ring, serial_shops, shop
D:2:      layout_loops_corners
D:3:      layout_basic, portal_sewer_entry_b, serial_shops, shop, uniq_ijyb
D:4:      layout_loops_corners, serial_shops, shop, minmay_quadrilaterals,
          uniq_crazy_yiuf_cottage
D:5:      layout_cave_pools, serial_bayou, serial_bayou_crossing,
          serial_bayou_pond_a, serial_bayou_pond_d, serial_bayou_lagoon_a,
          serial_shops, nicolae_shop_temple_entry_statues_fountains,
          minmay_misc_feat_roman, trog_book
D:6:      layout_gridville, minmay_temple_entry_wispy
D:7:      layout_loops_ring, uniq_pikel
D:8:      layout_loops_cross, lemuel_round_altar, chequers_serial_rivers_marsh,
          evilmike_ruin_ashenzari, uniq_psyche
D:9:      lemuel_slime, layout_loops_ring
D:10:     layout_long_grid, david_lair_shrubbed, uniq_joseph, uniq_fannar
Temple:   kilobyte_greek_temple
Lair:1:   dpeg_oklob_gauntlet, layout_hall_layers, serial_bayou_pond_c,
          grunt_megastairs_5

Skill      XL: |  1  2  3  4  5  6  7  8  9 10 11 |
---------------+----------------------------------+-----
Spellcasting   | 2 3 4 5 6 8 9 10 | 10.8
Fighting       | 2 3 4 5 7 8 9 |  9.1
Unarmed Combat | 4 5 6 7 8 9 |  9.5
Shields        | 1 |  1.3
Invocations    | 1 |  1.0
Dodging        | |  2.1

Action                   |  1- 3 |  4- 6 |  7- 9 | 10-12 || total
-------------------------+-------+-------+-------+-------++-------
Melee: Unarmed           |   164 |    97 |   255 |   226 ||   742
       Headbutt          |     5 |     1 |       |       ||     6
       Punch             |       |     2 |     9 |     4 ||    15
 Cast: Beastly Appendage |     8 |     1 |     2 |       ||    11
       Wereblood         |     1 |       |     4 |     4 ||     9
       Sting             |       |   168 |   103 |       ||   271
       Ice Form          |       |     1 |     1 |     6 ||     8
       Ensorcelled Hiber |       |       |     4 |     1 ||     5
       Blade Hands       |       |       |    18 |    16 ||    34
       Summon Guardian G |       |       |     1 |     1 ||     2
Invok: Minor Destruction |       |       |       |     3 ||     3
 Abil: End Transformatio |       |       |     1 |       ||     1
Evoke: Wand              |       |       |     3 |    48 ||    51
  Use: Scroll            |       |     2 |     1 |     1 ||     4
       Potion            |       |       |     2 |       ||     2
 Stab: Sleeping          |     1 |       |     1 |       ||     2
       Paralysed         |       |       |       |     5 ||     5
Armor: Robe              |    54 |       |       |       ||    54
       Leather armour    |     1 |   100 |   138 |    55 ||   294
       Skin              |       |     1 |     5 |    22 ||    28
Dodge: Dodged            |    71 |   121 |   241 |   116 ||   549
Block: Tower shield      |   105 |    36 |       |     1 ||   142
       Reflection        |       |       |       |     1 ||     1

Table legend: (Time is in decaauts)
 A = Elapsed time spent in this place.
 B = Non-inter-level travel time spent in this place.
 C = Inter-level travel time spent in this place.
 D = Time resting spent in this place.
 E = Time spent auto-exploring this place.
 F = Levels seen in this place.
 G = Mean time per level.
                   A        B        C        D        E       F      G
               +--------+--------+--------+--------+--------+-----+--------+
         Total |  10228 |   9673 |    555 |    461 |   6742 |  13 |  786.8 |
       Dungeon |   8812 |   8342 |    470 |    208 |   6170 |  10 |  881.2 |
        Temple |    163 |    121 |     42 |      0 |    104 |   1 |  163.0 |
          Lair |    799 |    756 |     43 |    238 |    356 |   1 |  799.0 |
         Sewer |    452 |    452 |      0 |     15 |    112 |   1 |  452.0 |
               +--------+--------+--------+--------+--------+-----+--------+

Top non-repeatable levels by time:
     D:4: 1269 daAuts
     D:2: 1052 daAuts
     D:6: 1029 daAuts
     D:1: 904 daAuts
     D:3: 845 daAuts
  Lair:1: 799 daAuts
     D:8: 790 daAuts
     D:7: 751 daAuts
    D:10: 728 daAuts
     D:5: 728 daAuts
     D:9: 711 daAuts
   Sewer: 452 daAuts
  Temple: 163 daAuts
